PCL
LANSING LUGNUTS @ SAN JOSE MISSIONS
06/01/2024
 
TOP OF THE 1ST
Lansing Lugnuts batting - Pitching for San Jose Missions : LHP Octávio Pérez
Pitching: LHP Octávio Pérez
Batting: LHB Francisco Marino 0-0: Ball
1-0: Foul Ball, location: 2F
1-1: Called Strike
1-2: Strikes out looking
Batting: LHB Jeffrey Satterley 0-0: Ball
1-0: Ball
2-0: Ball
3-0: Called Strike
3-1: Foul Ball, location: 2F
3-2: Foul Ball, location: 2F
3-2: Base on Balls
Batting: RHB Jim Tracy 0-0: Called Strike
0-1: Ball
1-1: Ball
2-1: Foul Ball, location: 2F
2-2: Fly out, F8 (Flyball, 89D)
Runner from 1st tags up, SAFE at 2nd
Batting: RHB Jeff Packard 0-0: Ball
1-0: Ground out 6-3 (Groundball, 56)
Top of the 1st over - 0 run(s), 0 hit(s), 0 error(s), 1 left on base; Lansing 0 - San Jose 0
BOTTOM OF THE 1ST
San Jose Missions batting - Pitching for Lansing Lugnuts : RHP Arturo Leal
Pitching: RHP Arturo Leal
Batting: RHB Luis Antonio Rosas 0-0: Called Strike
0-1: Ball
1-1: Swinging Strike
1-2: Strikes out looking
Batting: RHB Joe Broadhead 0-0: Called Strike
0-1: Ball
1-1: Fly out, F4 (Popup, 4MD)
Batting: LHB Miguel Montés 0-0: Fly out, F4 (Line Drive, 4)
Bottom of the 1st over - 0 run(s), 0 hit(s), 0 error(s), 0 left on base; Lansing 0 - San Jose 0
TOP OF THE 2ND
Lansing Lugnuts batting - Pitching for San Jose Missions : LHP Octávio Pérez
Batting: RHB Taki Chikafuji 0-0: Foul Ball, location: 2F
0-1: Called Strike
0-2: Ground out 4-3 (Groundball, 4M)
Batting: RHB Carlos Pérez 0-0: Called Strike
0-1: Swinging Strike
0-2: Strikes out looking
Batting: LHB Iván Salas 0-0: Ball
1-0: Called Strike
1-1: Ball
2-1: Ground out 4-3 (Groundball, 4)
Top of the 2nd over - 0 run(s), 0 hit(s), 0 error(s), 0 left on base; Lansing 0 - San Jose 0
BOTTOM OF THE 2ND
San Jose Missions batting - Pitching for Lansing Lugnuts : RHP Arturo Leal
Batting: RHB Armando López 0-0: Called Strike
0-1: Foul Ball, location: 2F
0-2: Ball
1-2: Ball
2-2: SINGLE (Groundball, 4D)
Batting: LHB John Foster 0-0: Called Strike
0-1: Ball
1-1: Called Strike
1-2: Ball
Single, Error in OF, E9, batter to second base
Armando López to third
Batting: RHB Javier Ramírez 0-0: Swinging Strike
0-1: Called Strike
0-2: Ball
1-2: Ground out 5-3 (Groundball, 56)
Armando López scores
Batting: RHB Madidou El Sayed 0-0: Swinging Strike
0-1: SINGLE (Line Drive, 4M)
John Foster to third
Runner from 3rd tries for Home, SAFE, throw made home
Batting: RHB Bobby Brewster 0-0: Ball
1-0: Ball
2-0: Called Strike
2-1: Fly out, F5 (Popup, 25F)
Batting: RHB Elliott Rucker 0-0: SINGLE (Line Drive, 89M)
Madidou El Sayed to second
Batting: RHB Luis Antonio Rosas 0-0: Ball
1-0: Foul Ball, location: 2F
1-1: Swinging Strike
1-2: Strikes out swinging
Bottom of the 2nd over - 2 run(s), 4 hit(s), 1 error(s), 2 left on base; Lansing 0 - San Jose 2
TOP OF THE 3RD
Lansing Lugnuts batting - Pitching for San Jose Missions : LHP Octávio Pérez
Batting: RHB Sadao Kimura 0-0: Ball
1-0: Fly out, F8 (Flyball, 8LD)
Batting: RHB Michael Woodruff 0-0: Ball
1-0: DOUBLE (Line Drive, 7LS)
Batting: LHB Francisco Marino 0-0: Ball
1-0: SINGLE (Line Drive, 89S)
Michael Woodruff to third
Batting: LHB Jeffrey Satterley 0-0: Ball
1-0: Called Strike
1-1: Ball
2-1: Ball
3-1: Base on Balls
Francisco Marino to second
Batting: RHB Jim Tracy 0-0: Ball
1-0: Ball
2-0: Ball
3-0: Called Strike
3-1: Called Strike
3-2: Fly out, F4 (Popup, 4)
Batting: RHB Jeff Packard 0-0: Ball
1-0: Ball
2-0: Called Strike
2-1: SINGLE (Line Drive, 56D)
Michael Woodruff scores
Francisco Marino to third
Jeffrey Satterley to second
Runner from 3rd tries for Home, SAFE, no throw or cutoff
Batting: RHB Taki Chikafuji 0-0: Ball
1-0: Ball
2-0: Ball
3-0: Called Strike
3-1: Swinging Strike
3-2: Base on Balls
Jeffrey Satterley to third
Jeff Packard to second
Batting: RHB Carlos Pérez 0-0: Called Strike
0-1: Fly out, F8 (Flyball, 8LM)
Top of the 3rd over - 2 run(s), 3 hit(s), 0 error(s), 3 left on base; Lansing 2 - San Jose 2
BOTTOM OF THE 3RD
San Jose Missions batting - Pitching for Lansing Lugnuts : RHP Arturo Leal
Batting: RHB Joe Broadhead 0-0: Ball
1-0: Ball
2-0: Foul Ball, location: 2F
2-1: Foul Ball, location: 2F
2-2: Foul Ball, location: 2F
2-2: Foul Ball, location: 2F
2-2: SINGLE (Groundball, 4M)
Batting: LHB Miguel Montés 0-0: Called Strike
0-1: SINGLE (Groundball, 23) (infield hit)
Joe Broadhead to second
Batting: RHB Armando López 0-0: Ball
1-0: Fly out, F8 (Flyball, 8LD)
Runner from 2nd tags up, SAFE at 3rd with throw
Batting: LHB John Foster 0-0: Ball
1-0: Ball
2-0: Ball
3-0: Called Strike
3-1: Swinging Strike
3-2: Fly out, F8 (Flyball, 78M)
Runner from 3rd tags up, SCORES, throw made
Batting: RHB Javier Ramírez 0-0: Called Strike
0-1: SINGLE (Groundball, 4MD)
Miguel Montés to second
Batting: RHB Madidou El Sayed 0-0: Foul Ball, location: 2F
0-1: Called Strike
0-2: Fly out, F3 (Popup, 3SF)
Bottom of the 3rd over - 1 run(s), 3 hit(s), 0 error(s), 2 left on base; Lansing 2 - San Jose 3
TOP OF THE 4TH
Lansing Lugnuts batting - Pitching for San Jose Missions : LHP Octávio Pérez
Batting: LHB Iván Salas 0-0: Ball
1-0: Foul Ball, location: 2F
1-1: Ball
2-1: Called Strike
2-2: Ground out 4-3 (Groundball, 4)
Batting: RHB Sadao Kimura 0-0: Called Strike
0-1: Swinging Strike
0-2: Foul Ball, location: 2F
0-2: Foul Ball, location: 2F
0-2: Ball
1-2: Foul Ball, location: 2F
1-2: Ball
2-2: Ball
3-2: DOUBLE (Groundball, 3L)
Batting: RHB Michael Woodruff 0-0: Called Strike
Sadao Kimura steals 3rd base
0-1: Called Strike
0-2: Ball
1-2: Strikes out looking
Batting: LHB Francisco Marino 0-0: Ball
1-0: Ball
2-0: Ball
3-0: Called Strike
3-1: Base on Balls
Batting: LHB Jeffrey Satterley 0-0: Ball
1-0: DOUBLE (Flyball, 89D)
Sadao Kimura scores
Francisco Marino to third
Runner from 3rd tries for Home, SAFE, no throw or cutoff
Batting: RHB Jim Tracy 0-0: Foul Ball, location: 2F
0-1: Fly out, F3 (Line Drive, 3L)
Top of the 4th over - 2 run(s), 2 hit(s), 0 error(s), 1 left on base; Lansing 4 - San Jose 3
BOTTOM OF THE 4TH
San Jose Missions batting - Pitching for Lansing Lugnuts : RHP Arturo Leal
Batting: RHB Bobby Brewster 0-0: Swinging Strike
0-1: Foul Ball, location: 2F
0-2: Ball
1-2: Strikes out swinging
Batting: RHB Elliott Rucker 0-0: SINGLE (Line Drive, 34)
Batting: RHB Luis Antonio Rosas 0-0: Foul Ball, location: 2F
0-1: Called Strike
0-2: Ground out 4-3 (Groundball, 4M)
Elliott Rucker to second
Batting: RHB Joe Broadhead 0-0: Swinging Strike
0-1: Ball
1-1: Ground out U3 (Groundball, 3)
Bottom of the 4th over - 0 run(s), 1 hit(s), 0 error(s), 1 left on base; Lansing 4 - San Jose 3
TOP OF THE 5TH
Lansing Lugnuts batting - Pitching for San Jose Missions : LHP Octávio Pérez
Batting: RHB Jeff Packard 0-0: Ball
1-0: Ground out 6-3 (Groundball, 6M)
Batting: RHB Taki Chikafuji 0-0: Called Strike
0-1: Swinging Strike
0-2: Ball
1-2: Ball
2-2: Fly out, F3 (Popup, 3SF)
Batting: RHB Carlos Pérez 0-0: Foul Ball, location: 2F
0-1: Swinging Strike
0-2: Foul Ball, location: 2F
0-2: Ball
1-2: Foul Ball, location: 2F
1-2: Ball
2-2: Foul Ball, location: 2F
2-2: Fly out, F4 (Line Drive, 4)
Top of the 5th over - 0 run(s), 0 hit(s), 0 error(s), 0 left on base; Lansing 4 - San Jose 3
BOTTOM OF THE 5TH
San Jose Missions batting - Pitching for Lansing Lugnuts : RHP Arturo Leal
Batting: LHB Miguel Montés 0-0: Foul Ball, location: 2F
0-1: Ground out 4-3 (Groundball, 4)
Batting: RHB Armando López 0-0: Ball
1-0: Called Strike
1-1: Fly out, F9 (Flyball, 89D)
Batting: LHB John Foster 0-0: Ball
1-0: Foul Ball, location: 2F
1-1: SINGLE (Line Drive, 7S)
Pitching: RHP Roland Harrison
Batting: RHB Javier Ramírez 0-0: Called Strike
0-1: Swinging Strike
0-2: Ball
1-2: Ground out 3-1 (Groundball, 34S)
Bottom of the 5th over - 0 run(s), 1 hit(s), 0 error(s), 1 left on base; Lansing 4 - San Jose 3
TOP OF THE 6TH
Lansing Lugnuts batting - Pitching for San Jose Missions : LHP Octávio Pérez
Pitching: RHP Lorenzo Diéguez
Batting: LHB Iván Salas 0-0: Fly out, F9 (Line Drive, 89M)
Batting: RHB Sadao Kimura 0-0: Swinging Strike
0-1: Swinging Strike
0-2: Ball
1-2: Ball
2-2: Ball
3-2: Strikes out swinging
Batting: RHB Michael Woodruff 0-0: Ball
1-0: Ball
2-0: DOUBLE (Line Drive, 8RXD)
Batting: LHB Francisco Marino 0-0: Ball
1-0: Called Strike
1-1: Called Strike
1-2: Ball
2-2: Ball
3-2: Foul Ball, location: 2F
3-2: Base on Balls
Batting: LHB Jeffrey Satterley 0-0: Ball
1-0: Ball
2-0: Ball
3-0: Called Strike
3-1: Called Strike
3-2: DOUBLE (Flyball, 8LXD)
Michael Woodruff scores
Francisco Marino to third
Francisco Marino scores
Batting: RHB Jim Tracy 0-0: Called Strike
0-1: Ball
Wild Pitch!
Jeffrey Satterley to third
1-1: Foul Ball, location: 2F
1-2: Ball
2-2: Ball
3-2: Ground out 4-3 (Groundball, 4)
Top of the 6th over - 2 run(s), 2 hit(s), 0 error(s), 1 left on base; Lansing 6 - San Jose 3
BOTTOM OF THE 6TH
San Jose Missions batting - Pitching for Lansing Lugnuts : RHP Roland Harrison
Batting: RHB Madidou El Sayed 0-0: Ball
1-0: Ball
2-0: Foul Ball, location: 2F
2-1: Foul Ball, location: 2F
2-2: Foul Ball, location: 2F
2-2: Ground out 5-3 (Groundball, 5)
Batting: RHB Bobby Brewster 0-0: Called Strike
0-1: Ball
1-1: Ball
2-1: Ball
3-1: Called Strike
3-2: Strikes out looking
Batting: RHB Elliott Rucker 0-0: Called Strike
0-1: Fly out, F8 (Line Drive, 8RD)
Bottom of the 6th over - 0 run(s), 0 hit(s), 0 error(s), 0 left on base; Lansing 6 - San Jose 3
TOP OF THE 7TH
Lansing Lugnuts batting - Pitching for San Jose Missions : RHP Lorenzo Diéguez
Batting: RHB Jeff Packard 0-0: Foul Ball, location: 2F
0-1: DOUBLE (Line Drive, 9LM)
Batting: RHB Taki Chikafuji 0-0: Ball
1-0: Ball
2-0: Ball
3-0: Base on Balls
Batting: RHB Carlos Pérez 0-0: Called Strike
0-1: Ball
1-1: Ball
2-1: Ball
3-1: Called Strike
3-2: Strikes out swinging
Pitching: LHP Robert Flannery
Batting: LHB Iván Salas 0-0: Ball
1-0: Called Strike
1-1: Swinging Strike
1-2: Foul Ball, location: 2F
1-2: Strikes out swinging
Batting: RHB Sadao Kimura 0-0: Fly out, F9 (Line Drive, 9S)
Top of the 7th over - 0 run(s), 1 hit(s), 0 error(s), 2 left on base; Lansing 6 - San Jose 3
BOTTOM OF THE 7TH
San Jose Missions batting - Pitching for Lansing Lugnuts : RHP Roland Harrison
Batting: RHB Luis Antonio Rosas 0-0: Called Strike
0-1: Foul Ball, location: 2F
0-2: Strikes out swinging
Pitching: RHP Kosami Tagawa
Batting: RHB Joe Broadhead 0-0: Ground out 5-3 (Groundball, 5)
Batting: LHB Miguel Montés 0-0: Called Strike
0-1: Foul Ball, location: 2F
0-2: Strikes out looking
Bottom of the 7th over - 0 run(s), 0 hit(s), 0 error(s), 0 left on base; Lansing 6 - San Jose 3
TOP OF THE 8TH
Lansing Lugnuts batting - Pitching for San Jose Missions : LHP Robert Flannery
Batting: RHB Michael Woodruff 0-0: Swinging Strike
0-1: DOUBLE (Flyball, 78XD)
Batting: LHB Francisco Marino 0-0: Called Strike
0-1: Ball
1-1: Swinging Strike
1-2: Foul Ball, location: 2F
1-2: Ball
2-2: Foul Ball, location: 2F
2-2: Strikes out swinging
Batting: LHB Jeffrey Satterley 0-0: Called Strike
0-1: Ball
1-1: Ball
2-1: Foul Ball, location: 2F
2-2: Ground out 6-3 (Groundball, 6)
Batting: RHB Jim Tracy 0-0: Ball
1-0: Ball
2-0: Ball
3-0: Foul Ball, location: 2F
3-1: Called Strike
3-2: Foul Ball, location: 2F
3-2: Ground out 6-3 (Groundball, 6M)
Top of the 8th over - 0 run(s), 1 hit(s), 0 error(s), 1 left on base; Lansing 6 - San Jose 3
BOTTOM OF THE 8TH
San Jose Missions batting - Pitching for Lansing Lugnuts : RHP Kosami Tagawa
Batting: RHB Armando López 0-0: Swinging Strike
0-1: Ball
1-1: Foul Ball, location: 2F
1-2: Ball
2-2: Strikes out swinging
Batting: LHB John Foster 0-0: Ball
1-0: Ball
2-0: Ball
3-0: Base on Balls
Batting: RHB Javier Ramírez 0-0: Ball
1-0: Swinging Strike
1-1: DOUBLE (Flyball, 8RXD)
John Foster to third
Batting: RHB Madidou El Sayed 0-0: Ball
1-0: Foul Ball, location: 2F
1-1: Ball
2-1: Called Strike
2-2: Strikes out swinging
Batting: RHB Bobby Brewster 0-0: Called Strike
0-1: Ball
1-1: Ball
2-1: Foul Ball, location: 2F
2-2: Strikes out swinging
Bottom of the 8th over - 0 run(s), 1 hit(s), 0 error(s), 2 left on base; Lansing 6 - San Jose 3
TOP OF THE 9TH
Lansing Lugnuts batting - Pitching for San Jose Missions : LHP Robert Flannery
Batting: RHB Jeff Packard 0-0: Ball
1-0: Ball
2-0: Foul Ball, location: 2F
2-1: Ball
3-1: Base on Balls
Batting: RHB Taki Chikafuji 0-0: Ball
1-0: Hit by Pitch
Jeff Packard to second
Batting: RHB Carlos Pérez 0-0: Called Strike
0-1: SINGLE (Line Drive, 6D)
Jeff Packard to third
Taki Chikafuji to second
Pitching: RHP Gabriel Moore
Batting: LHB Iván Salas 0-0: Foul Ball, location: 2F
0-1: Ball
1-1: Ball
2-1: Foul Ball, location: 2F
2-2: Grounds into fielders choice 4-2 (Groundball, 4)
Taki Chikafuji to third
Carlos Pérez to second
Batting: RHB Sadao Kimura 0-0: Ball
1-0: Ball
2-0: Grounds into double play, U4-3 (Groundball, 4)
Top of the 9th over - 0 run(s), 1 hit(s), 0 error(s), 2 left on base; Lansing 6 - San Jose 3
BOTTOM OF THE 9TH
San Jose Missions batting - Pitching for Lansing Lugnuts : RHP Kosami Tagawa
Pitching: LHP Sergio Vargas
Batting: RHB Elliott Rucker 0-0: Ball
1-0: Ball
2-0: Ball
3-0: Fly out, F7 (Flyball, 78M)
Batting: RHB Luis Antonio Rosas 0-0: Ball
1-0: Ball
2-0: Called Strike
2-1: Swinging Strike
2-2: Strikes out looking
Batting: RHB Joe Broadhead 0-0: Swinging Strike
0-1: Foul Ball, location: 2F
0-2: Ball
1-2: Foul Ball, location: 2F
1-2: Ball
2-2: Strikes out swinging
Bottom of the 9th over - 0 run(s), 0 hit(s), 0 error(s), 0 left on base; Lansing 6 - San Jose 3
This league is powered by Out of the Park Baseball, the baseball management simulation game for PC, Mac and Linux
Saturday, April 9th, 2016 - OOTP Baseball 16.8 Build 38